[Event "Titled Tuesday Blitz July 4 Early 2023"]
[White "Dubov, Daniil"]
[Black "Demchenko, Anton"]
[WhiteFideId "24126055"]
[BlackFideId "4160258"]
[WhiteElo "3082"]
[BlackElo "2885"]
[Result "0-1"]
[Round "8"]
[TimeControl "180+2"]
[Date "2023.07.04"]
[WhiteClock "0:00:03"]
[BlackClock "0:00:04"]
[Board "9"]

1. e4 e5 2. d4 exd4 3. Nf3 Nc6 4. Nxd4 Bc5 5. Nb3 Bb6 6. Nc3 d6 7. a4 a6 8. Nd5 Ba7 9. Bd3 Nge7 10. Bg5 Be6 11. Qh5 Qd7 12. Bf6 Bxd5 13. exd5 gxf6 14. dxc6 Qxc6 15. O-O O-O-O 16. Na5 Qc5 17. Qh3+ f5 18. b4 Qxb4 19. Bxf5+ Nxf5 20. Qxf5+ Rd7 21. Rab1 Qc5 22. Qf3 c6 23. Nb3 Qc4 24. Nd2 Qxc2 25. Ne4 Rhd8 26. Rfc1 Qxa4 27. Nc3 Qc4 28. Nd5 Qd4 29. Nb4 Rc7 30. Qf5+ Rdd7 31. Qxh7 a5 32. Nd3 Re7 33. Qf5+ Kb8 34. Kh1 a4 35. Ra1 b5 36. Rab1 Bb6 37. Nb4 Kb7 38. Qf3 d5 39. Nd3 Qe4 40. Qh3 f5 41. Re1 Qd4 42. Qf3 Rxe1+ 43. Rxe1 a3 44. Ne5 Re7 45. Qxf5 a2 46. Qf6 Rc7 47. Ng4 Qxf6 48. Nxf6 Bd4 49. Ne8 a1=Q 50. Nd6+ Kb6 51. Rxa1 Bxa1 52. g4 Re7 53. Kg2 Be5 54. Nf5 Rf7 55. h4 b4 0-1


[Site "https://www.chess.com"]

[Event "Titled Tuesday Blitz July 4 Early 2023"]
[White "Bluebaum, Matthias"]
[Black "Galchenko, Matvey"]
[WhiteFideId "24651516"]
[BlackFideId "24175480"]
[WhiteElo "3028"]
[BlackElo "2878"]
[Result "0-1"]
[Round "8"]
[TimeControl "180+2"]
[Date "2023.07.04"]
[WhiteClock "0:00:08"]
[BlackClock "0:00:33"]
[Board "10"]

1. d4 Nf6 2. c4 c5 3. d5 e6 4. Nc3 exd5 5. cxd5 d6 6. Nf3 g6 7. h3 Bg7 8. e4 O-O 9. Be3 Re8 10. Nd2 a6 11. a4 Nxe4 12. Ncxe4 f5 13. Be2 fxe4 14. Nc4 a5 15. O-O Na6 16. Qd2 Nb4 17. Ra3 b6 18. Bg5 Bf6 19. Bf4 Be7 20. Re1 Bb7 21. Ne3 Rf8 22. Bg3 Bg5 23. Qd1 Bf4 24. Bg4 Nd3 25. Be6+ Kg7 26. Rxd3 exd3 27. Qxd3 Ba6 28. Qd2 Bxg3 29. fxg3 Qg5 30. Kh2 h5 31. h4 Qf6 32. Nd1 Rae8 33. Nc3 Qf2 34. Qxf2 Rxf2 35. Ne4 Rxb2 36. Nxd6 Rf8 37. Ne4 Re2 38. Rxe2 Bxe2 39. d6 Rd8 40. d7 Bg4 41. Ng5 Kf6 42. Bc4 Rxd7 43. Ne4+ Ke5 44. Nf2 Rd4 45. Bb5 Bd1 46. g4 Bxa4 47. Ba6 hxg4 48. Kg3 Bd7 49. Bd3 Bf5 50. Bb5 a4 51. h5 gxh5 52. Kh4 a3 53. g3 a2 54. Kxh5 a1=Q 55. Bd3 Bxd3 56. Kg5 Qc1+ 57. Kh5 Bg6+ 58. Kxg6 Rd6+ 59. Kh5 Qh6+ 60. Kxg4 Rg6+ 61. Kf3 Rf6+ 62. Kg4 Qg6+ 63. Kh3 Rxf2 64. g4 Rf3+ 65. Kh4 Qh6# 0-1


[Site "https://www.chess.com"]

[Event "Titled Tuesday Blitz July 4 Early 2023"]
[White "Harsha Bharathakoti"]
[Black "Deac, Bogdan-Daniel"]
[WhiteFideId "5078776"]
[BlackFideId "1226380"]
[WhiteElo "2872"]
[BlackElo "3009"]
[Result "0-1"]
[Round "8"]
[TimeControl "180+2"]
[Date "2023.07.04"]
[WhiteClock "0:00:00"]
[BlackClock "0:00:06"]
[Board "11"]

1. Nf3 d5 2. d4 Nf6 3. Bf4 c5 4. e3 Nc6 5. Nbd2 cxd4 6. exd4 Nh5 7. Be3 g6 8. c3 Bg7 9. Be2 Qc7 10. O-O Nf4 11. Bb5 a6 12. Ba4 O-O 13. Bc2 f6 14. Bb3 Rd8 15. c4 e6 16. cxd5 Nxd5 17. Re1 b6 18. Rc1 Bb7 19. a3 Qd7 20. Nc4 Rac8 21. Qe2 b5 22. Ncd2 Na5 23. Ba2 Rxc1 24. Rxc1 Rc8 25. Rxc8+ Qxc8 26. Ne4 Nxe3 27. Qxe3 Bd5 28. Bxd5 exd5 29. Nc5 Nc4 30. Qe2 Bf8 31. Nd3 Kf7 32. g3 Qf5 33. Nd2 a5 34. Nxc4 bxc4 35. Nf4 Bd6 36. Qf3 Bxf4 37. gxf4 Qe4 38. Qe3 Qxe3 39. fxe3 Ke6 40. Kf2 Kf5 41. Kf3 a4 42. h3 g5 43. fxg5 fxg5 0-1


[Site "https://www.chess.com"]

[Event "Titled Tuesday Blitz July 4 Early 2023"]
[White "Gholami Orimi, Mahdi"]
[Black "Terry, Renato"]
[WhiteFideId "12558486"]
[BlackFideId "3803457"]
[WhiteElo "2877"]
[BlackElo "2986"]
[Result "0-1"]
[Round "8"]
[TimeControl "180+2"]
[Date "2023.07.04"]
[WhiteClock "0:00:12"]
[BlackClock "0:00:15"]
[Board "12"]

1. d4 e6 2. c4 Bb4+ 3. Nd2 Nf6 4. g3 O-O 5. Bg2 d6 6. Nf3 Qe7 7. O-O Bxd2 8. Bxd2 e5 9. Qc2 Bg4 10. Rfe1 Nc6 11. d5 Nb8 12. Nh4 Nbd7 13. f3 Bh5 14. Nf5 Qd8 15. e4 Bg6 16. b4 Bxf5 17. exf5 Re8 18. a3 h6 19. Re2 b6 20. Rae1 a5 21. bxa5 bxa5 22. g4 Nh7 23. f4 Qh4 24. h3 Kf8 25. c5 exf4 26. Rxe8+ Rxe8 27. Rxe8+ Kxe8 28. cxd6 cxd6 29. Qe4+ Ne5 30. Bxf4 f6 31. Qa4+ Kf8 32. Qxa5 Ng5 33. Qc3 h5 34. Qg3 Qxg3 35. Bxg3 Ngf7 36. gxh5 Ke7 37. a4 Kd7 38. Bf1 Kc7 39. Bf4 Kb6 40. Bd2 Nf3+ 41. Kf2 Nxd2 42. Bd3 Nb3 43. Ke3 Nc5 44. Bb5 Nh6 45. Kf4 Ka5 0-1


[Site "https://www.chess.com"]

[Event "Titled Tuesday Blitz July 4 Early 2023"]
[White "Demidov, Mikhail"]
[Black "Khismatullin, Denis"]
[WhiteFideId "4197143"]
[BlackFideId "4142578"]
[WhiteElo "2895"]
[BlackElo "2977"]
[Result "0-1"]
[Round "8"]
[TimeControl "180+2"]
[Date "2023.07.04"]
[WhiteClock "0:00:00"]
[BlackClock "0:00:11"]
[Board "13"]

1. Nf3 c5 2. g3 g6 3. Bg2 Bg7 4. O-O Nc6 5. c4 d6 6. Nc3 Bf5 7. d3 Qd7 8. Nd5 Nf6 9. a3 Nxd5 10. cxd5 Nd4 11. Nxd4 Bxd4 12. Rb1 a5 13. Bh6 Bh3 14. e3 Bf6 15. f4 b5 16. Re1 Qf5 17. Be4 Qh5 18. Qxh5 gxh5 19. Kf2 Kd7 20. Bf3 Bg4 21. Bg2 h4 22. h3 hxg3+ 23. Kxg3 Bh5 24. Be4 Rag8+ 25. Kh2 Bh4 26. Rf1 f6 27. Bf5+ Kc7 28. b3 Rg3 29. e4 Rxd3 30. e5 Rxd5 31. Rb2 fxe5 32. fxe5 Rxe5 33. Bg7 Bf6 34. Bxh8 Bxh8 35. Rg2 Re3 36. Bxh7 Be5+ 37. Kg1 Rxh3 38. Re1 Bf3 39. Rg8 Bd4+ 40. Kf1 Rh1+ 0-1


[Site "https://www.chess.com"]

[Event "Titled Tuesday Blitz July 4 Early 2023"]
[White "Chigaev, Maksim"]
[Black "Atakhan, Abtin"]
[WhiteFideId "4108116"]
[BlackFideId "22502203"]
[WhiteElo "2933"]
[BlackElo "2765"]
[Result "1-0"]
[Round "8"]
[TimeControl "180+2"]
[Date "2023.07.04"]
[WhiteClock "0:00:04"]
[BlackClock "0:00:01"]
[Board "14"]

1. e4 c5 2. Nf3 d6 3. d4 cxd4 4. Nxd4 Nf6 5. Nc3 a6 6. Bc4 e6 7. Be3 b5 8. Bb3 Bb7 9. f3 Nc6 10. Qe2 Nxd4 11. Bxd4 Be7 12. O-O-O Qc7 13. a3 O-O 14. g4 Nd7 15. h4 Nc5 16. Kb1 Rab8 17. g5 Bc6 18. h5 b4 19. axb4 Rxb4 20. g6 Nxb3 21. cxb3 fxg6 22. hxg6 h6 23. Qd2 Bg5 24. Nd5 exd5 25. Qxb4 dxe4 26. f4 Bxf4 27. Rhf1 Bb5 28. Rfe1 Bd3+ 29. Ka2 Rb8 30. Qa4 Rb5 31. Bc3 Qc6 32. Rxd3 exd3 33. Qxf4 Qd7 34. Qd4 d5 35. Re8+ 1-0


[Site "https://www.chess.com"]

[Event "Titled Tuesday Blitz July 4 Early 2023"]
[White "Xiong, Jeffery"]
[Black "Harsh Suresh"]
[WhiteFideId "2047640"]
[BlackFideId "45018464"]
[WhiteElo "2922"]
[BlackElo "2790"]
[Result "1-0"]
[Round "8"]
[TimeControl "180+2"]
[Date "2023.07.04"]
[WhiteClock "0:00:59"]
[BlackClock "0:00:01"]
[Board "15"]

1. e4 g6 2. d4 Nf6 3. Nc3 d5 4. e5 Ne4 5. Nce2 f6 6. f3 Ng5 7. Bxg5 fxg5 8. Qd2 Bg7 9. Qxg5 c5 10. c3 Nc6 11. h4 cxd4 12. cxd4 Qb6 13. Qd2 h5 14. Nh3 Bf5 15. Nhf4 Nb4 16. Rc1 Bh6 17. Nc3 Bxf4 18. Qxf4 Nc2+ 19. Kf2 Qxb2 20. Qd2 Qb4 21. Bb5+ Kf7 22. Rhd1 Rac8 23. e6+ Kg7 24. Nxd5 Qxb5 25. Nxe7 Rc7 26. Qg5 Re8 27. Nxg6 Rxe6 28. Ne7+ Bg6 29. Qxb5 Rcxe7 30. d5 Re5 31. Qb2 Ne3 32. Re1 Kh7 33. d6 R7e6 34. d7 Rd5 35. d8=Q Rxd8 36. Rc7+ Kh6 37. Qg7# 1-0


[Site "https://www.chess.com"]

[Event "Titled Tuesday Blitz July 4 Early 2023"]
[White "Samunenkov, Ihor"]
[Black "Svane, Rasmus"]
[WhiteFideId "14187086"]
[BlackFideId "4657101"]
[WhiteElo "2755"]
[BlackElo "2919"]
[Result "0-1"]
[Round "8"]
[TimeControl "180+2"]
[Date "2023.07.04"]
[WhiteClock "0:00:02"]
[BlackClock "0:00:28"]
[Board "16"]

1. d4 d5 2. c4 e6 3. Nc3 h6 4. cxd5 exd5 5. Bf4 Nf6 6. e3 Bd6 7. Be5 c6 8. Nf3 Qe7 9. h3 Bf5 10. Bd3 Bxd3 11. Qxd3 Nbd7 12. Bxd6 Qxd6 13. O-O O-O 14. Rab1 a5 15. Qc2 Rfe8 16. Nd2 g6 17. a3 Kg7 18. Rfc1 Rec8 19. Na4 Ne8 20. b4 axb4 21. axb4 Qe7 22. Nc5 Nd6 23. Nxd7 Qxd7 24. e4 Nb5 25. Qb2 Ra3 26. exd5 Qxd5 27. Nc4 Ra6 28. Na5 Rc7 29. Nb3 Ra4 30. Rc5 Qd6 31. d5+ Kh7 32. dxc6 bxc6 33. Qd2 Qe6 34. Nd4 Rd7 35. Qc2 Nxd4 36. Qxa4 Qe4 37. Rd1 Ne2+ 38. Kh1 Nf4 39. Rg1 Nxh3 40. Rf1 Rd2 41. Qxc6 Nxf2+ 42. Rxf2 Qh4+ 43. Kg1 Qxf2+ 44. Kh2 Qh4+ 45. Kg1 Rd1# 0-1


[Site "https://www.chess.com"]

[Event "Titled Tuesday Blitz July 4 Early 2023"]
[White "Taspinar, Yanki"]
[Black "Lenderman, Aleksandr"]
[WhiteFideId "34561188"]
[BlackFideId "2021285"]
[WhiteElo "2699"]
[BlackElo "2915"]
[Result "1/2-1/2"]
[Round "8"]
[TimeControl "180+2"]
[Date "2023.07.04"]
[WhiteClock "0:00:09"]
[BlackClock "0:01:03"]
[Board "17"]

1. Nf3 Nf6 2. g3 b6 3. Bg2 Bb7 4. O-O g6 5. b3 Bg7 6. Bb2 O-O 7. c4 c5 8. d4 cxd4 9. Qxd4 d6 10. Nc3 Nbd7 11. Qd2 a6 12. Rfd1 Rc8 13. Rac1 Nc5 14. Nd4 Bxg2 15. Kxg2 Qd7 16. Nf3 Qb7 17. Nd5 Nxd5 18. Bxg7 Kxg7 19. Qxd5 Rc7 20. Qd4+ Kg8 21. h4 Qe4 22. Qxe4 Nxe4 23. h5 Rfc8 24. Rd4 Nf6 25. hxg6 hxg6 26. Rcd1 b5 27. cxb5 axb5 28. a4 bxa4 29. bxa4 Rc2 30. R1d2 Rxd2 31. Rxd2 Ne4 32. Rb2 Ra8 33. Rb7 Kf8 34. Nd4 Nc5 35. Rc7 Nxa4 36. Nc6 Re8 37. f4 Nb6 38. Rb7 Nc4 39. e4 Nd2 40. e5 dxe5 41. Nxe5 Ne4 42. Kf3 Nf6 43. Nc6 Ng8 44. Ne5 Rc8 45. g4 Kg7 46. g5 Re8 47. Nc6 f6 48. Ke4 fxg5 49. fxg5 Ra8 50. Ke5 Kf7 51. Rb8 Ra1 52. Nd8+ Kg7 53. Ne6+ Kh8 54. Nf8 Ra6 55. Ne6 Ra5+ 56. Ke4 Rf5 57. Rb1 Rf7 58. Rh1+ Rh7 59. Rf1 Rh4+ 60. Ke5 Rh5 61. Rf7 Rh7 62. Rf8 Rh1 63. Rf7 Re1+ 64. Kd5 Rd1+ 65. Ke4 Rd6 66. Ke5 Ra6 67. Nf8 Ra5+ 68. Ke4 Nf6+ 69. gxf6 exf6 70. Nxg6+ Kg8 71. Rxf6 Kg7 72. Rd6 Kf7 73. Ne5+ Ke7 74. Rh6 Ra1 75. Rh7+ Ke6 76. Rh6+ Ke7 77. Nf3 Ra3 78. Nd4 Ra1 79. Kd5 Kf7 80. Rb6 Rd1 81. Ke5 Re1+ 82. Kf4 Rf1+ 83. Nf3 Ke7 84. Ke4 Kd7 85. Ne5+ Ke7 86. Rb5 Ke6 87. Rb6+ Ke7 88. Nc4 Re1+ 89. Ne3 Kd7 90. Kd4 Ke7 91. Rb3 Ke6 92. Rd3 Ra1 93. Ke4 Ra4+ 94. Kf3 Rb4 95. Ng2 Ra4 96. Nf4+ Kf5 97. Rd5+ Kf6 98. Kg4 Ra1 99. Rd6+ Ke5 100. Re6+ Kd4 101. Kf5 Ra5+ 102. Kf6 Rb5 103. Ne2+ Kd3 104. Ng3 Rc5 105. Ne4 Ra5 106. Nd6 Ra6 107. Ke7 Ra7+ 108. Kf6 Ra6 109. Kf5 Ra5+ 110. Kf4 Ra4+ 111. Kf3 Ra6 112. Rh6 Rc6 113. Kf4 Ra6 114. Rh3+ Kd4 115. Ne4 Re6 116. Re3 Re8 117. Re1 Rf8+ 118. Kg3 Re8 119. Kf3 Rf8+ 120. Kg4 Re8 121. Kf5 1/2-1/2


[Site "https://www.chess.com"]

[Event "Titled Tuesday Blitz July 4 Early 2023"]
[White "Leebit02"]
[Black "Ter-Sahakyan, Samvel"]
[BlackFideId "13302531"]
[WhiteElo "2582"]
[BlackElo "2872"]
[Result "0-1"]
[Round "8"]
[TimeControl "180+2"]
[Date "2023.07.04"]
[WhiteClock "0:00:01"]
[BlackClock "0:01:20"]
[Board "18"]

1. d4 Nf6 2. c4 e6 3. Nf3 d5 4. Nc3 Be7 5. cxd5 exd5 6. Bf4 c6 7. e3 Bf5 8. h3 O-O 9. g4 Be4 10. Bg2 Nbd7 11. O-O Re8 12. Nxe4 Nxe4 13. Ne5 Nxe5 14. Bxe5 Bd6 15. Bxe4 Bxe5 16. Bg2 Bc7 17. Qd3 Qd6 18. f4 Re7 19. Rae1 Rae8 20. Rf3 g6 21. g5 Bb6 22. Kh2 Qb4 23. Re2 Bxd4 24. a3 Qb6 25. h4 Bxe3 26. Rc2 Bg1+ 27. Kg3 Re3 28. Qf1 Re1 29. Qd3 R8e3 30. Qd2 Rxf3+ 31. Bxf3 Qe3 32. Qxe3 Bxe3 33. h5 Rg1+ 34. Bg2 gxh5 35. Kh4 Bxf4 36. Kxh5 Kg7 37. Rf2 Be3 38. Re2 d4 0-1


[Site "https://www.chess.com"]

[Event "Titled Tuesday Blitz July 4 Early 2023"]
[White "Nakamura, Hikaru"]
[Black "Gavrilov, Maxim"]
[WhiteFideId "2016192"]
[BlackFideId "24271454"]
[WhiteElo "3146"]
[BlackElo "2592"]
[Result "1-0"]
[Round "8"]
[TimeControl "180+2"]
[Date "2023.07.04"]
[WhiteClock "0:01:47"]
[BlackClock "0:00:00"]
[Board "19"]

1. Nf3 d5 2. e3 Nf6 3. c4 c6 4. d4 e6 5. Qc2 Nbd7 6. Nbd2 Bd6 7. Bd3 O-O 8. e4 dxe4 9. Nxe4 Nxe4 10. Bxe4 Nf6 11. Bd3 b6 12. c5 Be7 13. O-O h6 14. Ne5 Bb7 15. Rd1 Qd5 16. Be2 bxc5 17. Bf3 Qd6 18. Bf4 cxd4 19. Ng6 e5 20. Bxe5 Qe6 21. Nxe7+ Qxe7 22. Bxd4 Nd7 23. Re1 Qb4 24. Bc3 Qb6 25. Qf5 Rad8 26. Qg4 g6 27. Qh4 Kh7 28. Re7 Bc8 29. Bd2 h5 30. Bxh5 gxh5 31. Qxh5+ Kg8 32. Bc3 1-0


[Site "https://www.chess.com"]

[Event "Titled Tuesday Blitz July 4 Early 2023"]
[White "Lazavik, Denis"]
[Black "Tristan, Leonardo"]
[WhiteFideId "13515110"]
[BlackFideId "113816"]
[WhiteElo "3036"]
[BlackElo "2792"]
[Result "1-0"]
[Round "8"]
[TimeControl "180+2"]
[Date "2023.07.04"]
[WhiteClock "0:01:45"]
[BlackClock "0:00:31"]
[Board "20"]

1. d4 d5 2. c4 e6 3. Nc3 a6 4. cxd5 exd5 5. Nf3 Nf6 6. Bg5 Be6 7. e3 Nbd7 8. Bd3 Bd6 9. Qc2 c6 10. Bf4 Qc7 11. Bxd6 Qxd6 12. O-O h6 13. Rfc1 O-O 14. h3 b6 15. Qe2 a5 16. Rc2 c5 17. Bb5 Bf5 18. Rcc1 c4 19. b3 Bd3 20. Qd1 Rfc8 21. Ne1 Bf5 22. bxc4 dxc4 23. Qa4 Qb4 24. a3 Qb3 25. Nf3 Qb2 26. Bxc4 Ne4 27. Nxe4 Bxe4 28. Qb3 Qxb3 29. Bxb3 Bxf3 30. gxf3 Kf8 31. Ba4 Nf6 32. Kf1 Ke7 33. Ke2 Nd5 34. Bc6 1-0


[Site "https://www.chess.com"]

[Event "Titled Tuesday Blitz July 4 Early 2023"]
[White "Madaminov, Mukhiddin"]
[Black "Rustemov, Alexander"]
[WhiteFideId "14210703"]
[BlackFideId "4119002"]
[WhiteElo "3011"]
[BlackElo "2780"]
[Result "0-1"]
[Round "8"]
[TimeControl "180+2"]
[Date "2023.07.04"]
[WhiteClock "0:00:04"]
[BlackClock "0:00:11"]
[Board "21"]

1. e4 e6 2. d4 d5 3. Nc3 dxe4 4. Nxe4 Bd7 5. Nf3 Bc6 6. Bd3 Nd7 7. O-O Ngf6 8. Nc3 Be7 9. Ne5 Nxe5 10. dxe5 Nd5 11. Qg4 g6 12. Be4 Qd7 13. Rd1 O-O-O 14. Bg5 h5 15. Qh4 Bxg5 16. Qxg5 Qe7 17. Qxe7 Nxe7 18. f4 Bxe4 19. Nxe4 Nd5 20. Ng5 Rd7 21. Rd4 c5 22. Rc4 b6 23. Kf2 Rhd8 24. Kf3 Kb7 25. a3 Kc6 26. b4 Kb5 27. Re4 cxb4 28. axb4 Nxb4 29. Rb1 a5 30. c3 Rd3+ 31. Re3 Rxe3+ 32. Kxe3 Rd3+ 33. Ke4 Rxc3 34. Nxf7 Rc2 35. Kf3 Kc6 36. Ng5 Kd7 37. h3 Nd5 38. g4 Rc3+ 39. Kf2 Nxf4 40. gxh5 gxh5 41. h4 a4 42. Rxb6 Nh3+ 43. Kg2 Nxg5 44. hxg5 Rc5 45. g6 Rxe5 46. g7 Rg5+ 47. Kh3 Ke7 48. Ra6 Kf6 49. Rxa4 Rxg7 50. Ra6 Kf5 51. Kh4 e5 52. Ra5 Kf4 53. Kxh5 e4 54. Ra1 e3 55. Rf1+ Ke4 56. Kh6 Rg8 57. Kh7 Rg2 58. Rf8 e2 59. Rf2 Rxf2 0-1


[Site "https://www.chess.com"]

[Event "Titled Tuesday Blitz July 4 Early 2023"]
[White "Andreikin, Dmitry"]
[Black "Bauman_Guy"]
[WhiteFideId "4158814"]
[WhiteElo "2980"]
[BlackElo "2728"]
[Result "0-1"]
[Round "8"]
[TimeControl "180+2"]
[Date "2023.07.04"]
[WhiteClock "0:00:46"]
[BlackClock "0:00:37"]
[Board "23"]

1. Nf3 d5 2. c4 c6 3. e3 Nf6 4. Nc3 g6 5. d4 Bg7 6. Be2 O-O 7. O-O a6 8. a4 Ne4 9. a5 Nxc3 10. bxc3 Nd7 11. Ba3 Re8 12. Qb3 Nf6 13. Rfd1 Ne4 14. cxd5 cxd5 15. c4 Be6 16. Bb4 dxc4 17. Bxc4 Bxc4 18. Qxc4 Rc8 19. Qb3 Qd7 20. Rab1 Rc7 21. h3 Rec8 22. Be1 h6 23. Ne5 Bxe5 24. dxe5 Qf5 25. Qd5 Rc2 26. e6 fxe6 27. Qxf5 exf5 28. Rxb7 Rc1 29. Rxc1 Rxc1 30. Kf1 Kf7 31. Rb6 Nc5 32. Ke2 Rc2+ 33. Kd1 Ra2 34. f3 Rxg2 35. Bb4 Nd3 36. Bc3 Nc5 37. Rc6 Na4 38. Bd4 Nb2+ 39. Kc1 Nd3+ 40. Kb1 Rg1+ 41. Kc2 Nb4+ 42. Kc3 Nxc6 0-1


[Site "https://www.chess.com"]

[Event "Titled Tuesday Blitz July 4 Early 2023"]
[White "Kramnik, Vladimir"]
[Black "Panesar Vedant"]
[WhiteFideId "4101588"]
[BlackFideId "35033018"]
[WhiteElo "2973"]
[BlackElo "2716"]
[Result "1-0"]
[Round "8"]
[TimeControl "180+2"]
[Date "2023.07.04"]
[WhiteClock "0:01:14"]
[BlackClock "0:00:04"]
[Board "24"]

1. e4 e6 2. d4 d5 3. exd5 exd5 4. Nf3 Nf6 5. Bd3 Bd6 6. O-O O-O 7. Bg5 Bg4 8. Nbd2 Nbd7 9. c4 dxc4 10. Nxc4 Be7 11. Re1 Nb6 12. Nce5 Bh5 13. Qb3 c6 14. h3 Nfd5 15. Bxe7 Nxe7 16. Ng5 Qxd4 17. Bxh7+ Kh8 18. Nexf7+ Bxf7 19. Nxf7+ Kxh7 20. Rxe7 Qf6 21. Rxb7 Rae8 22. Rxa7 Nd5 23. Qf3 Re6 24. Qh5+ 1-0


[Site "https://www.chess.com"]

[Event "Titled Tuesday Blitz July 4 Early 2023"]
[White "Goryachkina, Aleksandra"]
[Black "Oparin, Grigoriy"]
[WhiteFideId "4147103"]
[BlackFideId "24125890"]
[WhiteElo "2715"]
[BlackElo "2966"]
[Result "1-0"]
[Round "8"]
[TimeControl "180+2"]
[Date "2023.07.04"]
[WhiteClock "0:00:05"]
[BlackClock "0:00:36"]
[Board "25"]

1. e4 c5 2. Nf3 e6 3. c3 d5 4. exd5 Qxd5 5. d4 Nf6 6. Na3 a6 7. Nc4 Nbd7 8. a4 cxd4 9. Qxd4 Bc5 10. Qh4 Qe4+ 11. Qxe4 Nxe4 12. Be3 Bxe3 13. fxe3 Ke7 14. Be2 Rd8 15. O-O f6 16. a5 Ndc5 17. Nb6 Rb8 18. Rad1 Rxd1 19. Rxd1 Nb3 20. Bd3 Nec5 21. Bxh7 Bd7 22. Bc2 Bc6 23. Nd4 Nxd4 24. exd4 Nd7 25. Nxd7 Kxd7 26. b4 Bd5 27. Re1 Rc8 28. Re3 g5 29. g4 Kd6 30. Kf2 f5 31. gxf5 exf5 32. Bxf5 Rc7 33. Kg3 Rf7 34. Kg4 Rg7 35. Bd3 Be6+ 36. Kh5 g4 37. c4 Rg8 38. c5+ Kd7 39. Rxe6 g3 40. Rd6+ Kc7 41. hxg3 1-0


[Site "https://www.chess.com"]

[Event "Titled Tuesday Blitz July 4 Early 2023"]
[White "Klekowski, Maciej"]
[Black "Indjic, Aleksandar"]
[WhiteFideId "1132717"]
[BlackFideId "911925"]
[WhiteElo "2714"]
[BlackElo "2962"]
[Result "0-1"]
[Round "8"]
[TimeControl "180+2"]
[Date "2023.07.04"]
[WhiteClock "0:00:01"]
[BlackClock "0:00:35"]
[Board "26"]

1. c4 h5 2. Nc3 h4 3. d4 e6 4. e4 Bb4 5. Bd3 b6 6. Ne2 Bb7 7. Bf4 h3 8. g4 Ne7 9. f3 Ng6 10. Bg3 c5 11. d5 e5 12. O-O Bxc3 13. Nxc3 d6 14. Bc2 Nd7 15. Ba4 Kf8 16. Bc6 Bxc6 17. dxc6 Nf6 18. Nb5 Ke7 19. f4 a6 20. Nc3 exf4 21. Bxf4 Rc8 22. Bg5 Kf8 23. Nd5 Qe8 24. Nxf6 gxf6 25. Qxd6+ Kg8 26. Bxf6 Qxe4 27. Qd5 Qxg4+ 28. Kh1 Rh5 29. Rg1 Rxd5 30. Rxg4 Rd6 31. Bc3 Rdxc6 32. Rag1 Kf8 33. R4g3 Re8 34. Rxh3 Re4 35. b3 b5 36. cxb5 axb5 37. Rh5 b4 38. Ba1 Re2 39. h4 Rxa2 40. Rf5 Nxh4 41. Bg7+ Ke8 42. Re5+ Re6 43. Bf6 Rxe5 44. Rg8+ Kd7 45. Bxe5 Nf3 46. Bf4 Nd4 47. Rf8 Ke7 48. Rc8 Nxb3 49. Be3 Rc2 50. Rb8 Rc3 51. Bf2 Ke6 52. Kg2 f5 53. Re8+ Kd5 54. Rd8+ Kc4 55. Kf1 Nd4 56. Rb8 b3 57. Ke1 Rc2 58. Be3 Re2+ 59. Kd1 Rxe3 60. Rb7 Kc3 61. Rc7 c4 62. Rd7 Nf3 63. Kc1 0-1


[Site "https://www.chess.com"]

[Event "Titled Tuesday Blitz July 4 Early 2023"]
[White "Czopor, Maciej"]
[Black "Nguyen, Ngoc Truong Son"]
[WhiteFideId "21805431"]
[BlackFideId "12401110"]
[WhiteElo "2713"]
[BlackElo "2901"]
[Result "0-1"]
[Round "8"]
[TimeControl "180+2"]
[Date "2023.07.04"]
[WhiteClock "0:00:00"]
[BlackClock "0:00:17"]
[Board "27"]

1. c4 e6 2. Nc3 d5 3. d4 Nf6 4. Nf3 a6 5. cxd5 exd5 6. Bg5 Be6 7. e3 Nbd7 8. Bd3 h6 9. Bh4 g5 10. Bg3 Nh5 11. Qc2 Nxg3 12. hxg3 Qf6 13. e4 c6 14. O-O Bg7 15. exd5 cxd5 16. Rfe1 O-O 17. Ne5 Rfd8 18. g4 Nxe5 19. dxe5 Qe7 20. Bh7+ Kh8 21. Bf5 d4 22. Ne4 d3 23. Qa4 Bxf5 24. gxf5 Qxe5 25. Nxg5 Qxf5 26. Nf3 Rd7 27. Rad1 Rad8 28. Rd2 Bf6 29. Qc4 Rg8 30. Qe4 Qxe4 31. Rxe4 Rc8 32. g3 Rc2 33. Kg2 Rxb2 34. Rxb2 Bxb2 35. Rb4 Bc3 0-1


[Site "https://www.chess.com"]

[Event "Titled Tuesday Blitz July 4 Early 2023"]
[White "Suyarov, Mukhammadzokhid"]
[Black "Ibarra Jerez, Jose Carlos"]
[WhiteFideId "14210495"]
[BlackFideId "2226332"]
[WhiteElo "2712"]
[BlackElo "2899"]
[Result "1-0"]
[Round "8"]
[TimeControl "180+2"]
[Date "2023.07.04"]
[WhiteClock "0:01:05"]
[BlackClock "0:00:13"]
[Board "28"]

1. d4 Nf6 2. Nc3 d5 3. Bf4 c5 4. e4 Nxe4 5. Nxe4 dxe4 6. dxc5 Qxd1+ 7. Rxd1 Nd7 8. Bb5 a6 9. Ba4 f6 10. Ne2 e5 11. Be3 f5 12. g3 Be7 13. Nc3 g5 14. b4 f4 15. Bc1 b5 16. Bb3 Nf6 17. h4 Bg4 18. hxg5 Bxd1 19. gxf6 Bf3 20. Rh6 Bf8 21. f7+ Kd7 22. Rb6 e3 23. gxf4 exf4 24. fxe3 h5 25. exf4 h4 26. Be6+ Kd8 27. f5 Be7 28. Nd5 h3 29. Rd6+ Bxd6 30. Bg5+ Be7 31. Bxe7# 1-0


[Site "https://www.chess.com"]

[Event "Titled Tuesday Blitz July 4 Early 2023"]
[White "Grandelius, Nils"]
[Black "Quintiliano Pinto, Renato R."]
[WhiteFideId "1710400"]
[BlackFideId "2117568"]
[WhiteElo "2897"]
[BlackElo "2695"]
[Result "1/2-1/2"]
[Round "8"]
[TimeControl "180+2"]
[Date "2023.07.04"]
[WhiteClock "0:00:11"]
[BlackClock "0:00:14"]
[Board "29"]

1. Nf3 Nf6 2. g3 d5 3. Bg2 Bf5 4. O-O c6 5. c4 e6 6. cxd5 exd5 7. d3 Be7 8. Qb3 Qb6 9. Qc2 O-O 10. Nc3 Nbd7 11. e4 dxe4 12. dxe4 Bg6 13. Be3 Qa6 14. Rfd1 Bc5 15. Bxc5 Nxc5 16. Ne5 Rfe8 17. Nxg6 hxg6 18. h3 Qc4 19. b3 Qe6 20. Rd4 Qe5 21. Rad1 Ne6 22. Rd6 Rad8 23. Rxd8 Rxd8 24. Rxd8+ Nxd8 25. Qd2 Ne6 26. f4 Qc5+ 27. Kh2 Qd4 28. Qxd4 Nxd4 29. Kg1 Nd7 30. Kf2 f6 31. Ke3 Nc2+ 32. Kd2 Nb4 33. Bf1 b5 34. a3 Na6 35. a4 Nac5 36. axb5 Nxb3+ 37. Ke3 cxb5 38. Bxb5 Nb6 39. Nd5 Kf8 40. Nb4 a5 41. Nc2 Ke7 42. h4 Kd6 43. Be8 Kc5 44. Bxg6 Nc4+ 45. Kd3 Nc1+ 46. Kc3 Ne2+ 47. Kb3 Nxg3 48. h5 Nd2+ 49. Ka4 Ndxe4 50. Kxa5 Nd6 51. Ne3 Ne2 52. f5 Nc4+ 53. Nxc4 Kxc4 54. Kb6 Kd4 55. Kc6 Ke5 56. Kd7 Ng3 57. Ke7 Nxf5+ 58. Kf7 Ng3 59. Kxg7 Nxh5+ 60. Bxh5 f5 61. Kg6 f4 62. Kg5 f3 63. Bxf3 1/2-1/2


[Site "https://www.chess.com"]

[Event "Titled Tuesday Blitz July 4 Early 2023"]
[White "Dardha, Daniel"]
[Black "Koziorowicz, Michal"]
[WhiteFideId "240990"]
[BlackFideId "21809194"]
[WhiteElo "2896"]
[BlackElo "2695"]
[Result "0-1"]
[Round "8"]
[TimeControl "180+2"]
[Date "2023.07.04"]
[WhiteClock "0:00:00"]
[BlackClock "0:00:03"]
[Board "30"]

1. b3 e5 2. c4 Nc6 3. Bb2 Nf6 4. Nf3 e4 5. Nd4 d5 6. cxd5 Qxd5 7. e3 Bg4 8. Qc1 Bc5 9. Bc4 Qg5 10. Nxc6 bxc6 11. Ba3 Bxa3 12. Qxa3 Bd7 13. Nc3 c5 14. O-O-O O-O 15. f4 exf3 16. gxf3 Bc6 17. Rhg1 Qe5 18. f4 Qd6 19. Qb2 Rad8 20. Rg5 h6 21. Rg3 Nh5 22. Rgg1 a5 23. f5 Qe5 24. Rdf1 Nf6 25. Rg3 Nh5 26. Rg4 Nf6 27. Rgg1 Rfe8 28. Rf4 Rd4 29. Ne2 Rxf4 30. Nxf4 Qxf5 31. Bd3 Qe5 32. Ne2 Qxh2 33. Qc3 Qe5 34. Qxa5 Qa1+ 35. Kc2 Qe5 36. Nf4 Be4 37. Qb5 Rd8 38. Qc4 Bf5 39. Kb1 Nd5 40. Bxf5 Qxf5+ 41. Kc1 Nb4 42. a3 Nc6 43. Qc3 Ne5 44. Kb2 g5 45. Ka1 Kf8 46. Nh5 Nd3 0-1


[Site "https://www.chess.com"]

[Event "Titled Tuesday Blitz July 4 Early 2023"]
[White "Samadov, Read"]
[Black "Fromm, Marius"]
[WhiteFideId "13417444"]
[BlackFideId "12993190"]
[WhiteElo "2857"]
[BlackElo "2694"]
[Result "1-0"]
[Round "8"]
[TimeControl "180+2"]
[Date "2023.07.04"]
[WhiteClock "0:02:28"]
[BlackClock "0:01:14"]
[Board "31"]

1. d4 d5 2. c4 Nc6 3. cxd5 Qxd5 4. e3 e5 5. Nc3 Bb4 6. Bd2 Bxc3 7. bxc3 Nf6 8. f3 Qd6 9. Bd3 O-O 10. Ne2 Re8 11. O-O e4 12. fxe4 Nxe4 13. Be1 Bg4 14. Qb3 Be6 15. c4 Rad8 16. Bxe4 Na5 1-0


[Site "https://www.chess.com"]